| TOP OF THE 1ST |
|
Bradenton Sox batting - Pitching for Port Lavaca Indians : LHP Lester Strode
|
|
Pitching: LHP Lester Strode
|
|
|
Batting: RHB Dave Coss
|
0-0: Ball 1-0: Swinging Strike 1-1: Foul Ball, location: 2F 1-2: Strikes out swinging
|
|
Batting: RHB Rene Gonzales
|
0-0: Called Strike 0-1: Ball 1-1: Fly out, F9 (Flyball, 9D, EV 98.8 MPH)
|
|
Batting: RHB Dennis Tiefenthaler
|
0-0: Ball 1-0: Called Strike 1-1: Ball 2-1: Swinging Strike 2-2: Strikes out swinging
|
| Top of the 1st over - 0 runs, 0 hits, 0 errors, 0 left on base; Bradenton 0 - Port Lavaca 0 |
| BOTTOM OF THE 1ST |
|
Port Lavaca Indians batting - Pitching for Bradenton Sox : RHP Hector Gutierrez
|
|
Pitching: RHP Hector Gutierrez
|
|
|
Batting: LHB William Tirado
|
0-0: Ball 1-0: Ball 2-0: Called Strike 2-1: Ball 3-1: Fly out, F8 (Flyball, 8RD, EV 92.5 MPH)
|
|
Batting: LHB Antonio Huerta
|
0-0: Called Strike 0-1: Foul Ball, location: 2F 0-2: Strikes out swinging
|
|
Batting: LHB Wally Joyner
|
0-0: Called Strike 0-1: Swinging Strike 0-2: Foul Ball, location: 2F 0-2: Strikes out swinging
|
| Bottom of the 1st over - 0 runs, 0 hits, 0 errors, 0 left on base; Bradenton 0 - Port Lavaca 0 |
| TOP OF THE 2ND |
|
Bradenton Sox batting - Pitching for Port Lavaca Indians : LHP Lester Strode
|
|
Batting: RHB Dave Hoeksema
|
0-0: Swinging Strike 0-1: Swinging Strike 0-2: Ball 1-2: Foul Ball, location: 2F 1-2: Ball 2-2: Ball 3-2: Foul Ball, location: 2F 3-2: Strikes out swinging
|
|
Batting: RHB William Murray
|
0-0: Ball 1-0: Ball 2-0: Called Strike 2-1: Foul Ball, location: 2F 2-2: Ball 3-2: Fly out, F7 (Flyball, 78D, EV 102.5 MPH)
|
|
Batting: RHB Jerry Nalley
|
0-0: Called Strike 0-1: Called Strike 0-2: Strikes out swinging
|
| Top of the 2nd over - 0 runs, 0 hits, 0 errors, 0 left on base; Bradenton 0 - Port Lavaca 0 |
| BOTTOM OF THE 2ND |
|
Port Lavaca Indians batting - Pitching for Bradenton Sox : RHP Hector Gutierrez
|
|
Batting: SHB John Rigos
|
0-0: Ball 1-0: Called Strike 1-1: Ball 2-1: Ball 3-1: Called Strike 3-2: Ground out 6-3 (Groundball, 6M, EV 87.5 MPH)
|
|
Batting: RHB Robbie Wine
|
0-0: Ball 1-0: Foul Ball, location: 2F 1-1: Ball 2-1: Called Strike 2-2: Ground out 6-3 (Groundball, 6, EV 86.9 MPH)
|
|
Batting: RHB Geoff Petersen
|
0-0: Ball 1-0: Ball 2-0: DOUBLE (Line Drive, 9LS, EV 100.0 MPH)
|
|
Batting: RHB Robert Mills
|
0-0: Ball 1-0: Foul Ball, location: 2F 1-1: Ball 2-1: Ball 3-1: Foul Ball, location: 2F 3-2: Ground out 6-3 (Groundball, 6, EV 85.6 MPH)
|
| Bottom of the 2nd over - 0 runs, 1 hit, 0 errors, 1 left on base; Bradenton 0 - Port Lavaca 0 |
| TOP OF THE 3RD |
|
Bradenton Sox batting - Pitching for Port Lavaca Indians : LHP Lester Strode
|
|
Batting: SHB Thomas Colburn
|
0-0: Called Strike 0-1: Foul Ball, location: 2F 0-2: Ball 1-2: Strikes out swinging
|
|
Batting: RHB Dennis Keating
|
0-0: Ball 1-0: Swinging Strike 1-1: Ground out 6-3 (Groundball, 6S, EV 76.3 MPH)
|
|
Batting: RHB Robert Parr
|
0-0: Foul Ball, location: 2F 0-1: Foul Ball, location: 2F 0-2: Ball 1-2: Foul Ball, location: 2F 1-2: Foul Ball, location: 2F 1-2: Ball 2-2: Strikes out looking
|
| Top of the 3rd over - 0 runs, 0 hits, 0 errors, 0 left on base; Bradenton 0 - Port Lavaca 0 |
| BOTTOM OF THE 3RD |
|
Port Lavaca Indians batting - Pitching for Bradenton Sox : RHP Hector Gutierrez
|
|
Batting: RHB Zoilo Sanchez
|
0-0: Fly out, F8 (Flyball, 8RS, EV 86.3 MPH)
|
|
Batting: RHB Jeffrey Rhodes
|
0-0: Ball 1-0: Ball 2-0: Fly out, F1 (Line Drive, P, EV 67.5 MPH)
|
|
Batting: LHB William Tirado
|
0-0: Called Strike 0-1: Foul Ball, location: 2F 0-2: Ball 1-2: Strikes out swinging
|
| Bottom of the 3rd over - 0 runs, 0 hits, 0 errors, 0 left on base; Bradenton 0 - Port Lavaca 0 |
| TOP OF THE 4TH |
|
Bradenton Sox batting - Pitching for Port Lavaca Indians : LHP Lester Strode
|
|
Batting: RHB Dave Coss
|
0-0: Ball 1-0: Ball 2-0: Called Strike 2-1: Called Strike 2-2: Ball 3-2: Fly out, F8 (Flyball, 8LS, EV 83.1 MPH)
|
|
Batting: RHB Rene Gonzales
|
0-0: Ball 1-0: Foul Ball, location: 2F 1-1: Ball 2-1: Ground out 1-3 (Groundball, 13S, EV 68.8 MPH)
|
|
Batting: RHB Dennis Tiefenthaler
|
0-0: Ground out 4-3 (Groundball, 34, EV 95.6 MPH)
|
| Top of the 4th over - 0 runs, 0 hits, 0 errors, 0 left on base; Bradenton 0 - Port Lavaca 0 |
| BOTTOM OF THE 4TH |
|
Port Lavaca Indians batting - Pitching for Bradenton Sox : RHP Hector Gutierrez
|
|
Batting: LHB Antonio Huerta
|
0-0: Called Strike 0-1: Called Strike 0-2: Strikes out looking
|
|
Batting: LHB Wally Joyner
|
0-0: Called Strike 0-1: Ball 1-1: Ball 2-1: Foul Ball, location: 2F 2-2: Fly out, F8 (Line Drive, 8RD, EV 95.0 MPH)
|
|
Batting: SHB John Rigos
|
0-0: Called Strike 0-1: Foul Ball, location: 2F 0-2: Ball 1-2: Foul Ball, location: 2F 1-2: Foul Ball, location: 2F 1-2: Ball 2-2: Ball 3-2: Foul Ball, location: 2F 3-2: Foul Ball, location: 2F 3-2: Foul Ball, location: 2F 3-2: SOLO HOME RUN (Flyball, 9LD, EV 95.6 MPH), Distance : 361 ft
|
|
Batting: RHB Robbie Wine
|
0-0: Called Strike 0-1: Ball 1-1: Foul Ball, location: 2F 1-2: Ground out 6-3 (Groundball, 6, EV 83.8 MPH)
|
| Bottom of the 4th over - 1 run, 1 hit, 0 errors, 0 left on base; Bradenton 0 - Port Lavaca 1 |
| TOP OF THE 5TH |
|
Bradenton Sox batting - Pitching for Port Lavaca Indians : LHP Lester Strode
|
|
Batting: RHB Dave Hoeksema
|
0-0: Called Strike 0-1: Called Strike 0-2: Fly out, F9 (Flyball, 9S, EV 88.8 MPH)
|
|
Batting: RHB William Murray
|
0-0: Ball 1-0: Ball 2-0: Ball 3-0: Called Strike 3-1: Foul Ball, location: 2F 3-2: Base on Balls
|
|
Batting: RHB Jerry Nalley
|
0-0: Ball 1-0: Swinging Strike 1-1: 2-RUN HOME RUN (Flyball, 78XD, EV 98.8 MPH), Distance : 422 ft
|
|
Batting: SHB Thomas Colburn
|
0-0: Fly out, F7 (Flyball, 7LD, EV 100.6 MPH)
|
|
Batting: RHB Dennis Keating
|
0-0: TRIPLE (Flyball, 89XD, EV 106.3 MPH)
|
|
Batting: RHB Robert Parr
|
0-0: Ball 1-0: Ball 2-0: Ground out 6-3 (Groundball, 4MS, EV 82.5 MPH)
|
| Top of the 5th over - 2 runs, 2 hits, 0 errors, 1 left on base; Bradenton 2 - Port Lavaca 1 |
| BOTTOM OF THE 5TH |
|
Port Lavaca Indians batting - Pitching for Bradenton Sox : RHP Hector Gutierrez
|
|
Batting: RHB Geoff Petersen
|
0-0: Ball 1-0: Called Strike 1-1: Swinging Strike 1-2: Ground out 5-3 (Groundball, 5S, EV 62.5 MPH)
|
|
Batting: RHB Robert Mills
|
0-0: Ball 1-0: Foul Ball, location: 2F 1-1: SOLO HOME RUN (Flyball, 78XD, EV 96.9 MPH), Distance : 401 ft
|
|
Batting: RHB Zoilo Sanchez
|
0-0: Called Strike 0-1: Swinging Strike 0-2: Ball 1-2: Foul Ball, location: 2F 1-2: Ball 2-2: Fly out, F8 (Flyball, 8RS, EV 94.4 MPH)
|
|
Batting: RHB Jeffrey Rhodes
|
0-0: SINGLE (Line Drive, 8LS, EV 94.4 MPH)
|
|
Batting: LHB William Tirado
|
0-0: Ball 1-0: Swinging Strike 1-1: Fly out, F7 (Line Drive, 7D, EV 101.3 MPH)
|
| Bottom of the 5th over - 1 run, 2 hits, 0 errors, 1 left on base; Bradenton 2 - Port Lavaca 2 |
| TOP OF THE 6TH |
|
Bradenton Sox batting - Pitching for Port Lavaca Indians : LHP Lester Strode
|
|
Batting: RHB Dave Coss
|
0-0: Ball 1-0: SINGLE (Groundball, 25, EV 73.1 MPH) (infield hit)
|
|
Batting: RHB Rene Gonzales
|
0-0: Bunted foul 0-1: Bunted foul 0-2: Foul Ball, location: 2F 0-2: SINGLE (Flyball, 9, EV 91.9 MPH) Dave Coss to second Runner from 2nd tries for 3rd, SAFE, throw by RF made to third
|
|
Batting: RHB Dennis Tiefenthaler
|
0-0: SINGLE (Groundball, 56, EV 94.4 MPH) Dave Coss scores Rene Gonzales to second
|
|
Batting: RHB Dave Hoeksema
|
0-0: Called Strike 0-1: Swinging Strike 0-2: Strikes out swinging
|
|
Batting: RHB William Murray
|
0-0: Ball 1-0: Foul Ball, location: 2F 1-1: Swinging Strike 1-2: Ball 2-2: Ball 3-2: Base on Balls Rene Gonzales to third Dennis Tiefenthaler to second
|
|
Batting: RHB Jerry Nalley
|
0-0: Called Strike 0-1: Called Strike 0-2: Foul Ball, location: 2F 0-2: Foul Ball, location: 2F 0-2: Foul Ball, location: 2F 0-2: Strikes out looking
|
|
Batting: SHB Thomas Colburn
|
0-0: Called Strike 0-1: Fly out, F5 (Line Drive, 5, EV 73.8 MPH)
|
| Top of the 6th over - 1 run, 3 hits, 0 errors, 3 left on base; Bradenton 3 - Port Lavaca 2 |
| BOTTOM OF THE 6TH |
|
Port Lavaca Indians batting - Pitching for Bradenton Sox : RHP Hector Gutierrez
|
|
Batting: LHB Antonio Huerta
|
0-0: Ground out 4-3 (Groundball, 34, EV 85.0 MPH)
|
|
Batting: LHB Wally Joyner
|
0-0: Called Strike 0-1: Called Strike 0-2: Ball 1-2: Ball 2-2: Ball 3-2: Ground out 6-3 (Groundball, 6, EV 93.8 MPH)
|
|
Batting: SHB John Rigos
|
0-0: Ball 1-0: Ball 2-0: Foul Ball, location: 2F 2-1: Called Strike 2-2: Foul Ball, location: 2F 2-2: Foul Ball, location: 2F 2-2: Ball 3-2: Base on Balls
|
|
Batting: RHB Robbie Wine
|
0-0: Called Strike 0-1: Ball 1-1: Ball 2-1: Ball 3-1: Called Strike 3-2: Ground out 5-3 (Groundball, 56S, EV 70.0 MPH)
|
| Bottom of the 6th over - 0 runs, 0 hits, 0 errors, 1 left on base; Bradenton 3 - Port Lavaca 2 |
| TOP OF THE 7TH |
|
Bradenton Sox batting - Pitching for Port Lavaca Indians : LHP Lester Strode
|
|
Batting: RHB Dennis Keating
|
0-0: Ball 1-0: SINGLE (Groundball, 6MD, EV 101.3 MPH)
|
|
Batting: RHB Robert Parr
|
0-0: Called Strike 0-1: Ball 1-1: Bunt missed! 1-2: Ball 2-2: Fly out, F7 (Flyball, 78D, EV 101.9 MPH)
|
|
Batting: RHB Dave Coss
|
0-0: Ball 1-0: Called Strike 1-1: Ball 2-1: Ball 3-1: Fly out, F8 (Flyball, 8LD, EV 98.1 MPH)
|
|
Batting: RHB Rene Gonzales
|
0-0: Ball 1-0: Foul Ball, location: 2F 1-1: Ball 2-1: Ball 3-1: Foul Ball, location: 2F 3-2: Strikes out swinging
|
| Top of the 7th over - 0 runs, 1 hit, 0 errors, 1 left on base; Bradenton 3 - Port Lavaca 2 |
| BOTTOM OF THE 7TH |
|
Port Lavaca Indians batting - Pitching for Bradenton Sox : RHP Hector Gutierrez
|
|
Batting: RHB Geoff Petersen
|
0-0: Ball 1-0: Ball 2-0: Called Strike 2-1: Ball 3-1: Base on Balls
|
|
Pinch Hitting: LHB Scott Loseke
|
0-0: Ball 1-0: Called Strike 1-1: Ball 2-1: Ball 3-1: Ground out 6-3 (Groundball, 6MS, EV 75.6 MPH) Geoff Petersen to second
|
|
Pinch Hitting: SHB Ruben Sierra
|
0-0: Ball 1-0: Ball 2-0: Ball 3-0: Base on Balls
|
|
Pinch Hitting: LHB Ralph Sheffield
|
0-0: Swinging Strike 0-1: Foul Ball, location: 2F 0-2: Ball 1-2: Ball 2-2: Ball 3-2: Fly out, F8 (Line Drive, 8RM, EV 95.6 MPH)
|
|
Batting: LHB William Tirado
|
0-0: Ball 1-0: Fly out, F8 (Flyball, 8LS, EV 86.3 MPH)
|
| Bottom of the 7th over - 0 runs, 0 hits, 0 errors, 2 left on base; Bradenton 3 - Port Lavaca 2 |
| TOP OF THE 8TH |
|
Bradenton Sox batting - Pitching for Port Lavaca Indians : LHP Lester Strode
|
|
Pitching: RHP Michael Shuleeta
|
|
|
Now at 2B: Jim Spring
|
|
|
Now at 3B: Jeff Lawson
|
|
|
Now in CF: Jim Lindeman
|
|
|
Batting: RHB Dennis Tiefenthaler
|
0-0: Called Strike 0-1: Swinging Strike 0-2: Strikes out swinging
|
|
Batting: RHB Dave Hoeksema
|
0-0: Ground out 5-3 (Groundball, 56S, EV 65.6 MPH)
|
|
Batting: RHB William Murray
|
0-0: Called Strike 0-1: Ball 1-1: Ground out 6-3 (Groundball, 4M, EV 87.5 MPH)
|
| Top of the 8th over - 0 runs, 0 hits, 0 errors, 0 left on base; Bradenton 3 - Port Lavaca 2 |
| BOTTOM OF THE 8TH |
|
Port Lavaca Indians batting - Pitching for Bradenton Sox : RHP Hector Gutierrez
|
|
Batting: LHB Antonio Huerta
|
0-0: Ball 1-0: Called Strike 1-1: Ball 2-1: Ball 3-1: Ground out 1-3 (Groundball, 13, EV 63.8 MPH)
|
|
Batting: LHB Wally Joyner
|
0-0: Called Strike 0-1: Ball 1-1: Swinging Strike 1-2: Ball 2-2: Foul Ball, location: 2F 2-2: Strikes out swinging
|
|
Batting: SHB John Rigos
|
0-0: Ball 1-0: Called Strike 1-1: Called Strike 1-2: Foul Ball, location: 2F 1-2: Ball 2-2: Strikes out looking
|
| Bottom of the 8th over - 0 runs, 0 hits, 0 errors, 0 left on base; Bradenton 3 - Port Lavaca 2 |
| TOP OF THE 9TH |
|
Bradenton Sox batting - Pitching for Port Lavaca Indians : RHP Michael Shuleeta
|
|
Batting: RHB Jerry Nalley
|
0-0: Ball 1-0: Swinging Strike 1-1: Called Strike 1-2: Ball 2-2: Ball 3-2: Base on Balls
|
|
Batting: SHB Thomas Colburn
|
0-0: Ball 1-0: Sac Bunt to P - play at first, batter OUT! 1-3 Jerry Nalley to second
|
|
Batting: RHB Dennis Keating
|
0-0: Ball 1-0: Called Strike 1-1: Called Strike 1-2: Fly out, F8 (Flyball, 8LM, EV 87.5 MPH)
|
|
Batting: RHB Robert Parr
|
0-0: Called Strike 0-1: Ball 1-1: Swinging Strike 1-2: Strikes out swinging
|
| Top of the 9th over - 0 runs, 0 hits, 0 errors, 1 left on base; Bradenton 3 - Port Lavaca 2 |
| BOTTOM OF THE 9TH |
|
Port Lavaca Indians batting - Pitching for Bradenton Sox : RHP Hector Gutierrez
|
|
Pitching: RHP Barry Govero
|
|
|
Now at 2B: Andre Wood
|
|
|
Batting: RHB Robbie Wine
|
0-0: Ball 1-0: Foul Ball, location: 2F 1-1: Ball 2-1: Swinging Strike 2-2: Foul Ball, location: 2F 2-2: Foul Ball, location: 2F 2-2: Ball 3-2: Base on Balls
|
|
Batting: RHB Geoff Petersen
|
0-0: Ball 1-0: Fly out, F6 (Flyball, 4MD, EV 82.5 MPH)
|
|
Batting: RHB Jim Lindeman
|
0-0: Foul Ball, location: 2F 0-1: Ball 1-1: Grounds into double play, 6-4-3 (Groundball, 56S, EV 83.8 MPH)
|
| Bottom of the 9th over - 0 runs, 0 hits, 0 errors, 0 left on base; Bradenton 3 - Port Lavaca 2 |
|